 Dungeon Crawl Stone Soup version 0.28.0-1-gb440e238dd (webtiles) character file.

Game seed: 16589984335700436354

13952 Jepp2078 the Grappler (level 11, 0/94 HPs)
             Began as a Troll Monk on Feb 21, 2022.
             Was a High Priest of Fedhas.
             Slain by a bullfrog (5 damage)
             ... on level 1 of the Lair of Beasts.
             The game lasted 00:21:32 (9797 turns).

Jepp2078 the Grappler (Troll Monk)                  Turns: 9797, Time: 00:21:33

Health: 0/94       AC:  6    Str: 25    XL:     11   Next: 82%
Magic:  9/17       EV: 14    Int:  6    God:    Fedhas [*****.]
Gold:   605        SH:  0    Dex: 12    Spells: 10/10 levels left

rFire   . . .      SeeInvis +     - Unarmed
rCold   . . .      Faith    .   (no shield)
rNeg    . . .      Spirit   .   z - +0 troll leather armour
rPois   .          Reflect  .   (helmet restricted)
rElec   .          Harm     .   (no cloak)
rCorr   .          Rampage  .   (gloves unavailable)
Will    .....                   (boots unavailable)
Stlth   +.........              f - amulet of regeneration
HPRegen 2.65/turn               l - ring of see invisible
MPRegen 0.15/turn               C - +4 ring of evasion

@: no status effects
A: large, unfitting armour, claws 3, regeneration 1, shaggy fur 1, tough skin 1
a: Renounce Religion, Wall of Briars, Grow Ballistomycete, Overgrow, Grow Oklob


You were on level 1 of the Lair of Beasts.
You worshipped Fedhas.
Fedhas was extremely pleased with you.
You visited 2 branches of the dungeon, and saw 12 of its levels.
You also visited: Sewer.

You collected 605 gold pieces.

Inventory:

Hand Weapons
 w - the +6 fustibalus of Fee Simple {speed, rC+}
   (You found it on level 5 of the Dungeon)

   Attacks with this weapon are significantly faster.
   rC:        It protects you from cold.
 E - the +7 mace "Ebapik" {protect, Drain rPois Stlth+}
   (You found it in a sewer)

   It grants its wielder temporary protection when it strikes (+7 to AC).
   rPois:     It protects you from poison.
   Drain:     It drains your maximum health when unequipped.
   Stlth:     It makes you more stealthy.
Missiles
 d - a throwing net
 k - 13 boomerangs (quivered)
 x - 121 sling bullets
 K - 2 large rocks
Armour
 a - a +0 hat
 z - a +0 troll leather armour (worn)
 A - a +2 robe of fire resistance
Jewellery
 f - an amulet of regeneration (around neck)
 l - a ring of see invisible (left claw)
 p - a ring of fire
 y - a ring of magical power
 C - a +4 ring of evasion (right claw)
 F - a ring of flight
Wands
 s - a wand of iceblast (3)
 t - a wand of charming (5)
 D - a wand of polymorph (11)
 L - a wand of flame (7)
Scrolls
 b - 4 scrolls of enchant weapon
 e - 2 scrolls of amnesia
 g - 2 scrolls of magic mapping
 m - 3 scrolls of holy word
 n - 2 scrolls of noise
 v - 2 scrolls of silence
 G - 4 scrolls of identify
 H - a scroll of enchant armour
 N - 2 scrolls of brand weapon
Potions
 c - 2 potions of attraction {unknown}
 h - 3 potions of heal wounds {unknown}
 i - a potion of degeneration {unknown}
 j - 3 potions of flight
 o - 3 potions of cancellation {unknown}
 q - 3 potions of curing
 r - a potion of berserk rage {unknown}
 u - 2 potions of brilliance {unknown}
 B - a potion of lignification {unknown}
 M - a potion of mutation {unknown}
Miscellaneous
 I - a box of beasts


   Skills:
 - Level 2.4 Fighting
 + Level 9.2 Slings
 - Level 2.4 Dodging
 - Level 1.0 Stealth
 - Level 10.0 Unarmed Combat
 - Level 10.0 Invocations


You had 10 spell levels left.
You didn't know any spells.
Your spell library contained the following spells:

 Spells                   Type           Power      Damage    Failure   Level
 Beastly Appendage        Tmut           0%         N/A       50%         1
 Sublimation of Blood     Necr           0%         N/A       65%         2
 Wereblood                Tmut           0%         N/A       65%         2
 Confusing Touch          Hex            0%         N/A       86%         3
 Spider Form              Tmut/Pois      0%         N/A       86%         3
 Hailstorm                Conj/Ice       0%         3d3       99%         4
 Ice Form                 Ice/Tmut       0%         N/A       99%         4
 Yara's Violent Unravell  Hex/Tmut       0%         3d3       100%        5
 Simulacrum               Ice/Necr       0%         N/A       100%        6
 Enfeeble                 Hex            0%         N/A       100%        7
 Summon Hydra             Summ           0%         N/A       100%        7


Dungeon Overview and Level Annotations

Branches:
Dungeon (11/15)            Temple (0/1) D:7            Lair (1/6) D:8
    Orc (0/2) D:11          Sewer (visited)

Altars:
Ashenzari
Fedhas
Wu Jian

Shops:
D:10 (


Innate Abilities, Weirdness & Mutations

You are too large for most types of armour.
You have claws for hands.
Your natural rate of healing is unusually fast.
You are covered in fur. (AC +1)
You have tough skin. (AC +1)


Message History

The rock wall is torn apart as a burning bush grows in its place.
A yak comes into view.
You feel sick.
The yak bellows!
The black mamba bites you!
* * * LOW HITPOINT WARNING * * *
The bullfrog hits you.
* * * LOW HITPOINT WARNING * * *
The yak gores your wandering mushroom. The black mamba bites you.
* * * LOW HITPOINT WARNING * * *
The yak gores your wandering mushroom! The yak gores your burning bush!
You feel better.
The bullfrog hits you but does no damage.
The black mamba bites you!
* * * LOW HITPOINT WARNING * * *
You are lethally poisoned!
The black mamba poisons you! The yak gores your wandering mushroom!
The bullfrog misses you. The yak gores your wandering mushroom!
The black mamba misses you.
Your oklob sapling spits acid at the black mamba.
The splash of acid hits the black mamba!!
The acid corrodes the black mamba!
Your wandering mushroom releases spores at the yak.
The yak is engulfed in a cloud of spores!
The yak appears confused.
* * * LOW HITPOINT WARNING * * *
You feel very sick.
The black mamba bites your oklob sapling but does no damage.
The yak gores your wandering mushroom!
Your wandering mushroom releases spores at the yak!!
The yak is engulfed in a cloud of spores!
You feel better.
The black mamba bites your oklob sapling but does no damage.
The bullfrog misses you.
The black mamba bites your oklob sapling!
The yak gores you.
* * * LOW HITPOINT WARNING * * *
The bullfrog hits you.
You die...
Fedhas appreciates your contribution to the ecosystem.

+..........#
#..........#
#.......Y..#
#...[......#
#####Y######
#..## ##YY.#
####PfP#.#####
#.@FSY.......#
#..YYY......##
#............#
#...........##
#..^........+
+...........#..#
#..............#
............##.+
#######'##### #


You could see a black mamba (corroded, ally target), 6 yaks, a bullfrog, a
friendly wandering mushroom (summoned), a friendly burning bush (summoned) and a
friendly oklob sapling (summoned).

Vanquished Creatures
  A centaur warrior (D:10)
  A two-headed ogre (D:9)
  2 manticores (D:10)
  A troll (D:7)
  A shadow (D:10)
  4 wyverns (D:8)
  35 yaks
  2 steam dragons (D:8)
  Edmund (D:4)
  7 water moccasins
  5 orc warriors
  2 black bears
  3 ice beasts
  3 necrophages
  2 ogres
  3 wolves (D:8)
  3 centaurs
  A phantom (D:6)
  A kobold brigand (D:8)
  5 bullfrogs
  A wyvern zombie (D:6)
  A scorpion (D:6)
  A wyvern skeleton (D:7)
  12 killer bees
  3 wights (D:7)
  2 hounds
  3 centaur zombies
  A jelly (D:6)
  2 bullfrog skeletons
  4 orc priests (D:7)
  2 gnoll shamans
  Ijyb (D:4)
  2 iguanas
  8 orc wizards
  A killer bee zombie (D:6)
  Robin (D:4)
  A howler monkey zombie (D:10)
  7 adders
  11 gnolls
  2 dart slugs
  14 orcs
  16 endoplasms
  5 giant cockroaches
  14 goblins
  11 hobgoblins
  4 jackals (D:5)
  9 kobolds
  12 quokkas
  13 ball pythons
  5 bats
  14 frilled lizards
  4 rats
270 creatures vanquished.

Vanquished Creatures (collateral kills)
  A two-headed ogre (D:9)
  A meliai (D:10)
  10 ballistomycete spores (D:9)
12 creatures vanquished.

Vanquished Creatures (others)
  6 fungi (D:8)
  16 plants (D:8)
22 creatures vanquished.

Grand Total: 304 creatures vanquished

Notes
Turn   | Place    | Note
-------+----------+-------------------------------------------
     0 | D:1      | Jepp2078 the Troll Monk began the quest for the Orb.
     0 | D:1      | Reached XP level 1. HP: 22/22 MP: 0/0
    70 | D:1      | Reached XP level 2. HP: 29/29 MP: 1/1
   225 | D:1      | Found a faded altar of an unknown god.
   598 | D:1      | Prayed at the altar of an unknown god.
   598 | D:1      | Became a worshipper of Fedhas Madash
   598 | D:1      | Reached * piety under Fedhas
   598 | D:1      | Reached ** piety under Fedhas
   827 | D:2      | Reached XP level 3. HP: 36/36 MP: 2/2
   844 | D:2      | Reached *** piety under Fedhas
  1328 | D:3      | Reached skill level 5 in Unarmed Combat
  1328 | D:3      | Reached XP level 4. HP: 41/44 MP: 3/3
  2115 | D:4      | Reached XP level 5. HP: 50/50 MP: 4/4
  2198 | D:4      | Noticed Robin
  2202 | D:4      | Killed Robin
  2222 | D:4      | Reached **** piety under Fedhas
  2308 | D:4      | Noticed Ijyb
  2310 | D:4      | Killed Ijyb
  2314 | D:4      | Noticed Edmund
  2325 | D:4      | Killed Edmund
  2326 | D:4      | Reached XP level 6. HP: 52/59 MP: 5/5
  2763 | D:5      | Entered Level 5 of the Dungeon
  2843 | D:5      | Reached skill level 1 in Invocations
  2899 | D:5      | Noticed an ice beast
  2904 | D:5      | Reached XP level 7. HP: 64/66 MP: 5/7
  3045 | D:5      | Identified the +6 fustibalus of Fee Simple {speed, rC+}
  3713 | D:5      | Found an ornate altar of the Wu Jian Council.
  3954 | D:6      | Reached XP level 8. HP: 74/74 MP: 9/9
  4168 | D:6      | Found a broken altar of Ashenzari.
  4177 | D:6      | Reached skill level 5 in Invocations
  4302 | D:6      | Found a glowing drain.
  4308 | Sewer    | Entered a sewer
  4315 | Sewer    | Reached ***** piety under Fedhas
  4513 | Sewer    | Identified the +7 mace "Ebapik" {protect, Drain rPois
                  | Stlth+}
  4766 | D:6      | Reached skill level 10 in Unarmed Combat
  5017 | D:7      | Reached XP level 9. HP: 80/80 MP: 12/12
  5666 | D:7      | Found a staircase to the Ecumenical Temple.
  5677 | D:7      | Reached skill level 1 in Slings
  6427 | D:7      | Noticed a troll
  6436 | D:7      | Killed a troll
  6794 | D:7      | Reached XP level 10. HP: 66/88 MP: 15/15
  7580 | D:8      | Reached ****** piety under Fedhas
  7591 | D:8      | Found a staircase to the Lair.
  7605 | D:8      | Reached skill level 10 in Invocations
  7677 | D:8      | Reached skill level 5 in Slings
  8065 | D:9      | Reached XP level 11. HP: 85/94 MP: 12/17
  8131 | D:9      | Noticed a two-headed ogre
  8138 | D:9      | Killed a two-headed ogre
  8361 | D:9      | Noticed a two-headed ogre
  8370 | D:9      | Killed a two-headed ogre
  8578 | D:10     | Entered Level 10 of the Dungeon
  8578 | D:10     | You fall into a shaft and drop 1 floor!
  8578 | D:11     | Found a staircase to the Orcish Mines.
  8746 | D:10     | Found Wiass's Weapon Emporium.
  9408 | D:10     | Noticed a centaur warrior
  9420 | D:10     | Killed a centaur warrior
  9710 | Lair:1   | Entered Level 1 of the Lair of Beasts
  9795 | Lair:1   | HP: 4/94 [black mamba (17)]
  9796 | Lair:1   | HP: 1/94 [poisoned by a black mamba]
  9797 | Lair:1   | Slain by a bullfrog

Illustrated notes

Levels and vault maps discovered:
D:1:      dpeg_arrival_line_fractal, layout_rooms,
          shapermc_ecumenical_altar_ellora, roderic_roman_lattice
D:2:      layout_loops_ring, minmay_misc_feat_square
D:3:      layout_basic, minmay_stone_trees_medium, kennysheep_nondescript
D:4:      layout_basic, uniq_edmund, uniq_ijyb, uniq_robin
D:5:      layout_basic, pdpol_wu_jian_five_deadly_venoms,
          mrwooster_statue_mirror
D:6:      layout_cave_pools, ashenzari_altar_1, portal_sewer_entry_e
D:7:      layout_layer_cave, minmay_temple_entry_drinking_statues,
          grunt_ministairs_2
D:8:      layout_cave_pools, minmay_lair_entry_grove
D:9:      layout_cave_pools
D:10:     layout_small_grid, serial_shops, nicolae_shop_crystal,
          minmay_misc_feat_doors, minmay_diamond_spiral
D:11:     layout_loops_cross, orc_0_dummy, uniq_sonja
Lair:1:   layout_roguey, gammafunk_ghost_necromancy, uniq_fannar, uniq_gastronok

Skill      XL: |  1  2  3  4  5  6  7  8  9 10 11 |
---------------+----------------------------------+-----
Unarmed Combat | 4 5 7 8 10 | 10.0
Invocations    | 1 3 6 8 10 | 10.0
Slings         | 3 6 9 |  9.2
Fighting       | |  2.4
Dodging        | |  2.4
Stealth        | |  1.0

Action                   |  1- 3 |  4- 6 |  7- 9 | 10-12 || total
-------------------------+-------+-------+-------+-------++-------
Melee: Unarmed           |    68 |   125 |   244 |   292 ||   729
       Punch             |     1 |     8 |    14 |    19 ||    42
 Fire: Fustibalus        |       |       |       |    33 ||    33
Invok: Grow Ballistomyce |       |       |       |     1 ||     1
       Overgrow          |       |       |       |     3 ||     3
  Use: Scroll            |       |       |    13 |     3 ||    16
       Potion            |       |       |       |     3 ||     3
 Stab: Sleeping          |     4 |     3 |     2 |       ||     9
Armor: Robe              |    18 |    27 |    50 |       ||    95
       Troll leather arm |       |       |     1 |    85 ||    86
Dodge: Dodged            |    30 |    46 |   131 |   276 ||   483
